 Dungeon Sprint DCSS version 0.20-a0-1008-g0de3dc5 (webtiles) character file.

99 Monsterracer the Basher (level 4, -4/41 HPs)
             Began as a Minotaur Berserker on Apr 14, 2017.
             Was a Priest of Trog.
             Killed from afar by a deep elf mage (16 damage)
             ... with a bolt of lightning
             ... in the Dungeon (Sprint III: "The Ten Rune Challenge").
             The game lasted 00:00:55 (252 turns).

Monsterracer the Basher (Minotaur Berserker)         Turns: 252, Time: 00:00:57

Health: -4/41      AC:  2    Str: 21    XL:     4   Next: 45%
Magic:  3/3        EV: 13    Int:  4    God:    Trog [***...]
Gold:   0          SH:  0    Dex: 11    Spells: 3/3 levels left

rFire    . . .     SeeInvis .   a - +0 mace
rCold    . . .     Gourm    .   (no shield)
rNeg     . . .     Faith    .   b - +0 animal skin
rPois    .         Spirit   .   (helmet restricted)
rElec    .         Reflect  .   (no cloak)
rCorr    .         Harm     .   (no gloves)
MR       .....     NoTele   +   (no boots)
Stlth    +.........             (no amulet)
Regen    0.2/turn               (no ring)
MPRegen  0.1/turn               (no ring)

@: no status effects
A: retaliatory headbutt, horns 2
a: Berserk, Trog's Hand, Burn Spellbooks, Renounce Religion


You were in the Dungeon.
You worshipped Trog.
Trog was most pleased with you.
You were not hungry.

You visited 1 branch

Inventory:

Hand Weapons
 a - a +0 mace (weapon)
Armour
 b - a +0 animal skin (worn)
Scrolls
 i - a scroll of blinking
Potions
 d - a potion of curing
 e - a potion of heal wounds
 f - a potion of haste
 g - 2 potions of magic
 h - a potion of berserk rage
Comestibles
 c - a bread ration
 j - 4 chunks of flesh


   Skills:
 + Level 4.8 Fighting
 * Level 9.7 Maces & Flails
 + Level 3.9 Armour
 + Level 3.5 Dodging


You had 3 spell levels left.
You didn't know any spells.

Dungeon Overview and Level Annotations

Branches:
Dungeon (1/1)

Altars:
Elyvilon
Zin
The Shining One


Innate Abilities, Weirdness & Mutations

You reflexively headbutt those who attack you in melee.
You have a pair of horns on your head.


Message History

The deep elf mage blinks!
There is an open door here.
You closely miss the deep elf mage.
The deep elf mage hits you with a long sword of holy wrath.
You sock the deep elf mage! You headbutt the deep elf mage!
The deep elf mage is heavily wounded.
You hit the deep elf mage. Your headbutt misses the deep elf mage.
The deep elf mage is heavily wounded.
The deep elf mage misses you.
You barely miss the deep elf mage.
The deep elf mage is heavily wounded.
The deep elf mage drinks a potion.
The deep elf mage is healed!
You hit the deep elf mage. Your headbutt misses the deep elf mage.
The deep elf mage is lightly wounded.
The deep elf mage casts a spell at you. The bolt of lightning hits you!
Ouch! That really hurt!
* * * LOW HITPOINT WARNING * * *
The bolt of lightning hits you!
You die...

▓▓▓▓ ▓▓▓ )..####
##.##### ......##
#..#___# .......#
#..#...# #.##...#
#..###@#+###+ #.###..#
+#..#...e...... ##.##..#
#...'.⌠........
..##..####...#...######+
..##..###....#.⌠.#
.##...##.....#...#
##....#÷.....#+###
##..##.#.....# #..
####....#


You could see a deep elf mage.

Vanquished Creatures
  A water elemental (D)
  A human (D)
  A wolf (D)
  An ooze (D)
  3 rats (D)
7 creatures vanquished.

Vanquished Creatures (others)
  2 draconian scorchers (D)
  6 hellions (D)
  A yaktaur (D)
  5 plants (D)
14 creatures vanquished.

Grand Total: 21 creatures vanquished

Notes
Turn   | Place    | Note
-------+----------+-------------------------------------------
     0 | D        | Monsterracer the Minotaur Berserker began the quest for the Orb.
     0 | D        | Reached XP level 1. HP: 19/19 MP: 0/0
     8 | D        | Reached skill level 5 in Maces & Flails
    23 | D        | Reached ** piety under Trog
    33 | D        | Noticed a wolf
    37 | D        | Killed a wolf
    37 | D        | Reached skill level 7 in Maces & Flails
    37 | D        | Reached XP level 2. HP: 26/26 MP: 1/1
    43 | D        | Reached skill level 8 in Maces & Flails
    43 | D        | Reached XP level 3. HP: 19/31 MP: 2/2
    59 | D        | Killed a hellion
    84 | D        | Killed a yaktaur
   143 | D        | Killed a hellion
   161 | D        | Killed a hellion
   162 | D        | Killed a hellion
   187 | D        | Killed a white draconian scorcher
   191 | D        | Noticed a water elemental
   195 | D        | Killed a water elemental
   195 | D        | Reached *** piety under Trog
   195 | D        | Reached skill level 9 in Maces & Flails
   195 | D        | Reached XP level 4. HP: 41/41 MP: 3/3
   210 | D        | Killed a hellion
   210 | D        | Killed a hellion
   232 | D        | Killed a white draconian scorcher
   244 | D        | Found a glowing silver altar of Zin.
   245 | D        | Found a glowing golden altar of the Shining One.
   245 | D        | Found a white marble altar of Elyvilon.
   245 | D        | Noticed a deep elf mage
   252 | D        | Killed from afar by a deep elf mage

Vault maps used:
D:        dungeon_sprint_mu

Skill      XL: |  1  2  3 |
---------------+----------+-----
Maces & Flails | 7 8 9 |  9.7
Fighting       | 4 |  4.8
Armour         | 3 |  3.9
Dodging        | 3 |  3.5

Action                   |  1- 3 |  4- 6 || total
-------------------------+-------+-------++-------
Melee: Mace              |    14 |     5 ||    19
       Headbutt          |     1 |     1 ||     2
Invok: Berserk           |     2 |       ||     2
 Stab: Sleeping          |     1 |       ||     1
Armor: Animal skin       |     2 |       ||     2
Dodge: Dodged            |     6 |     1 ||     7
